AoeStats
← J8S

Arena

508872277Analyzed
1v1 RM · 8d ago on Sep 24, 2026· 34m 30s· 2 players
Game mode
Random Map
Map size
Tiny (2 player)
Population
200
Speed
Normal
Resources
Standard
Victory
Conquest
Starting age
Dark Age
Ending age
Imperial Age
RankedLock teamsTeams togetherTeam positionsShared explorationLock speedFull tech treeHidden civsTurbo modeCheats
Victory
Defeat
🇳🇱 Byzantines · Netherlands
1580
+19
🇦🇷 Aztecs · Argentina
1638
-19
[LSG] Jorgito Yoyo
10:48 Feudal Age
14:34 Castle Age
12:32 Double-Bit Axe
12:28 Horse Collar
12:44 Gold Mining
13:11 Horse Collar
16:10 Bow Saw
16:45 Sanctity
16:19 Pikeman
17:25 Squires
18:40 Scale Mail Armor
20:37 Loom
23:25 Fervor
23:26 Atonement
25:59 Forging
26:56 Redemption
28:04 Wheelbarrow
30:15 Man-at-Arms
30:41 Gambesons
31:25 Chain Mail Armor
30:57 Long Swordsman
31:36 Long Swordsman
33:44 Iron Casting
J8S
10:15 Feudal Age
12:38 Double-Bit Axe
15:17 Castle Age
12:59 Horse Collar
15:18 Light Cavalry
16:30 Bow Saw
17:42 Forging
19:46 Man-at-Arms
21:04 Scale Mail Armor
21:39 Long Swordsman
23:31 Gambesons
24:03 Chain Mail Armor
26:40 Iron Casting
26:32 Loom
26:56 Devotion
29:16 Squires
29:05 Arson
33:35 Heavy Plow
Connection lost

Rejoining the realm…

Still unreachable

The connection could not be restored.

Session expired

The server has moved on; the page needs a fresh start.